MWL (24 & UNDER)
MANHATTEN MEATHEADS @ COLUMBIA 08S
07/27/2023
 
TOP OF THE 1ST
Manhatten Meatheads batting - Pitching for Columbia 08s : LHP Sam Kettley
Pitching: LHP Sam Kettley
Batting: RHB Mitch Thomas 0-0: Bunt for hit - play at first, batter OUT! 1-3
Batting: RHB Kyle O'Day 0-0: Bunt for hit - play at first, batter OUT! 1-3
Batting: LHB Dave Watt 0-0: Called Strike
0-1: Ball
1-1: Swinging Strike
1-2: Strikes out swinging
Top of the 1st over - 0 run(s), 0 hit(s), 0 error(s), 0 left on base; Manhatten 0 - Columbia 0
BOTTOM OF THE 1ST
Columbia 08s batting - Pitching for Manhatten Meatheads : RHP Rafael Ramírez
Pitching: RHP Rafael Ramírez
Batting: RHB Ichizo Akiyama 0-0: Ball
1-0: Ground out 6-3 (Groundball, 6)
Batting: RHB Vic Langlois 0-0: DOUBLE (Flyball, 89D)
Batting: SHB Roberto Rivera 0-0: Ball
1-0: DOUBLE (Line Drive, 4)
Vic Langlois scores
Batting: RHB Felipe Rego 0-0: Ball
1-0: Called Strike
1-1: Called Strike
1-2: Ground out 6-3 (Groundball, 6)
Batting: RHB Luis Maldonado 0-0: Foul Ball, location: 2F
0-1: Swinging Strike
0-2: Foul Ball, location: 2F
0-2: Ball
1-2: Foul Ball, location: 2F
1-2: Strikes out looking
Bottom of the 1st over - 1 run(s), 2 hit(s), 0 error(s), 1 left on base; Manhatten 0 - Columbia 1
TOP OF THE 2ND
Manhatten Meatheads batting - Pitching for Columbia 08s : LHP Sam Kettley
Batting: RHB William Moore 0-0: SINGLE (Flyball, 6MD)
Batting: SHB Vitaliano Capuana 0-0: Called Strike
0-1: Ball
1-1: Ball
2-1: Fly out, F8 (Flyball, 8RM)
Batting: RHB Ben Morton 0-0: Ball
1-0: Fly out, F5 (Line Drive, 5)
Batting: RHB Juan Reyes 0-0: Called Strike
William Moore is caught stealing 2nd base
Top of the 2nd over - 0 run(s), 1 hit(s), 0 error(s), 0 left on base; Manhatten 0 - Columbia 1
BOTTOM OF THE 2ND
Columbia 08s batting - Pitching for Manhatten Meatheads : RHP Rafael Ramírez
Batting: LHB José Costa 0-0: Ball
1-0: Fly out, F7 (Flyball, 78M)
Batting: RHB Ryosei Yamamoto 0-0: Ball
1-0: Called Strike
1-1: Swinging Strike
1-2: Ball
2-2: Ball
3-2: Strikes out swinging
Batting: RHB Cristo García 0-0: Ball
1-0: Ground out 6-3 (Groundball, 6M)
Bottom of the 2nd over - 0 run(s), 0 hit(s), 0 error(s), 0 left on base; Manhatten 0 - Columbia 1
TOP OF THE 3RD
Manhatten Meatheads batting - Pitching for Columbia 08s : LHP Sam Kettley
Batting: RHB Juan Reyes 0-0: Ball
1-0: Swinging Strike
1-1: Ball
2-1: Foul Ball, location: 2F
2-2: Strikes out looking
Batting: RHB Júlio Galló 0-0: Ball
1-0: Ground out 6-3 (Groundball, 6M)
Batting: RHB Ramón Ybarra 0-0: Fly out, F9 (Flyball, 9M)
Top of the 3rd over - 0 run(s), 0 hit(s), 0 error(s), 0 left on base; Manhatten 0 - Columbia 1
BOTTOM OF THE 3RD
Columbia 08s batting - Pitching for Manhatten Meatheads : RHP Rafael Ramírez
Batting: LHB Gino Canio 0-0: Ball
1-0: Called Strike
1-1: Ball
2-1: Ball
3-1: Base on Balls
Batting: RHB Ichizo Akiyama 0-0: Ball
1-0: Called Strike
1-1: Called Strike
1-2: Foul Ball, location: 2F
1-2: Ball
2-2: Strikes out swinging
Batting: RHB Vic Langlois 0-0: Ball
1-0: Called Strike
Gino Canio is caught stealing 2nd base
1-1: Swinging Strike
1-2: Strikes out swinging
Bottom of the 3rd over - 0 run(s), 0 hit(s), 0 error(s), 0 left on base; Manhatten 0 - Columbia 1
TOP OF THE 4TH
Manhatten Meatheads batting - Pitching for Columbia 08s : LHP Sam Kettley
Batting: RHB Mitch Thomas 0-0: Ball
1-0: Swinging Strike
1-1: Ground out 5-3 (Groundball, 5L)
Batting: RHB Kyle O'Day 0-0: Ground out 6-3 (Groundball, 6)
Batting: LHB Dave Watt 0-0: Called Strike
0-1: Ground out 4-3 (Groundball, 34)
Top of the 4th over - 0 run(s), 0 hit(s), 0 error(s), 0 left on base; Manhatten 0 - Columbia 1
BOTTOM OF THE 4TH
Columbia 08s batting - Pitching for Manhatten Meatheads : RHP Rafael Ramírez
Batting: SHB Roberto Rivera 0-0: Ball
1-0: Swinging Strike
1-1: Called Strike
1-2: Ball
2-2: Foul Ball, location: 2F
2-2: Strikes out looking
Batting: RHB Felipe Rego 0-0: Foul Ball, location: 2F
0-1: Called Strike
0-2: Ball
1-2: Ball
2-2: Foul Ball, location: 2F
2-2: Strikes out swinging
Batting: RHB Luis Maldonado 0-0: Called Strike
0-1: SINGLE (Line Drive, 6M)
Batting: LHB José Costa 0-0: Called Strike
0-1: Ball
1-1: DOUBLE (Line Drive, 4D)
Luis Maldonado to third
Runner from 3rd tries for Home, SAFE, no throw or cutoff
Batting: RHB Ryosei Yamamoto 0-0: Called Strike
0-1: Ball
1-1: Ball
2-1: Ball
3-1: Foul Ball, location: 2F
3-2: Fly out, F9 (Flyball, 9S)
Bottom of the 4th over - 1 run(s), 2 hit(s), 0 error(s), 1 left on base; Manhatten 0 - Columbia 2
TOP OF THE 5TH
Manhatten Meatheads batting - Pitching for Columbia 08s : LHP Sam Kettley
Batting: RHB William Moore 0-0: Foul Ball, location: 2F
0-1: Foul Ball, location: 2F
0-2: Foul Ball, location: 2F
0-2: Strikes out swinging
Batting: SHB Vitaliano Capuana 0-0: Called Strike
0-1: Swinging Strike
0-2: Ball
1-2: Foul Ball, location: 2F
1-2: Strikes out swinging
Batting: RHB Ben Morton 0-0: SINGLE (Flyball, 89S)
Batting: RHB Juan Reyes 0-0: Foul Ball, location: 2F
0-1: Ball
1-1: Foul Ball, location: 2F
1-2: Ball
2-2: Ground out 1-3 (Groundball, 13)
Top of the 5th over - 0 run(s), 1 hit(s), 0 error(s), 1 left on base; Manhatten 0 - Columbia 2
BOTTOM OF THE 5TH
Columbia 08s batting - Pitching for Manhatten Meatheads : RHP Rafael Ramírez
Batting: RHB Cristo García 0-0: SINGLE (Groundball, 56)
Batting: LHB Gino Canio 0-0: Ball
Wild Pitch!
Cristo García to second
1-0: Ball
2-0: Ball
3-0: Called Strike
3-1: Called Strike
3-2: Fly out, F7 (Flyball, 7M)
Batting: RHB Ichizo Akiyama 0-0: Intentional Walk
Batting: RHB Vic Langlois 0-0: DOUBLE (Line Drive, 9LS)
Cristo García scores
Ichizo Akiyama to third
Batting: SHB Roberto Rivera 0-0: Fly out, F5 (Popup, 5F)
Batting: RHB Felipe Rego 0-0: Foul Ball, location: 2F
0-1: Fly out, F4 (Popup, 4)
Bottom of the 5th over - 1 run(s), 2 hit(s), 0 error(s), 2 left on base; Manhatten 0 - Columbia 3
TOP OF THE 6TH
Manhatten Meatheads batting - Pitching for Columbia 08s : LHP Sam Kettley
Batting: RHB Júlio Galló 0-0: Called Strike
0-1: Ball
1-1: Called Strike
1-2: Strikes out swinging
Batting: RHB Ramón Ybarra 0-0: Ball
1-0: Called Strike
1-1: Foul Ball, location: 2F
1-2: Foul Ball, location: 2F
1-2: Ground out 4-3 (Groundball, 4M)
Batting: RHB Mitch Thomas 0-0: Called Strike
0-1: Called Strike
0-2: SINGLE (Groundball, 6MD)
Batting: RHB Kyle O'Day 0-0: Ball
1-0: Ball
2-0: Ground out 2-3 (Groundball, 2L)
Top of the 6th over - 0 run(s), 1 hit(s), 0 error(s), 1 left on base; Manhatten 0 - Columbia 3
BOTTOM OF THE 6TH
Columbia 08s batting - Pitching for Manhatten Meatheads : RHP Rafael Ramírez
Batting: RHB Luis Maldonado 0-0: Swinging Strike
0-1: Ball
1-1: Called Strike
1-2: Ball
2-2: Fly out, F8 (Flyball, 8RM)
Batting: LHB José Costa 0-0: Called Strike
0-1: Foul Ball, location: 2F
0-2: Strikes out swinging
Batting: RHB Ryosei Yamamoto 0-0: Ball
1-0: Foul Ball, location: 2F
1-1: Foul Ball, location: 2F
1-2: Ball
2-2: Ground out 6-3 (Groundball, 6)
Bottom of the 6th over - 0 run(s), 0 hit(s), 0 error(s), 0 left on base; Manhatten 0 - Columbia 3
TOP OF THE 7TH
Manhatten Meatheads batting - Pitching for Columbia 08s : LHP Sam Kettley
Batting: LHB Dave Watt 0-0: Foul Ball, location: 2F
0-1: Called Strike
0-2: Strikes out swinging
Batting: RHB William Moore 0-0: Called Strike
0-1: Swinging Strike
0-2: Ball
1-2: Ball
2-2: Strikes out swinging
Batting: SHB Vitaliano Capuana 0-0: Ball
1-0: Swinging Strike
1-1: Ball
2-1: Called Strike
2-2: Strikes out swinging
Top of the 7th over - 0 run(s), 0 hit(s), 0 error(s), 0 left on base; Manhatten 0 - Columbia 3
BOTTOM OF THE 7TH
Columbia 08s batting - Pitching for Manhatten Meatheads : RHP Rafael Ramírez
Pitching: RHP Víctor Viña
Batting: RHB Cristo García 0-0: Ball
1-0: DOUBLE (Line Drive, 7M)
Batting: LHB Gino Canio 0-0: Fly out, F8 (Flyball, 8RM)
Batting: RHB Ichizo Akiyama 0-0: Intentional Walk
Batting: RHB Vic Langlois 0-0: Ball
1-0: Fielders Choice at 2nd, 6-4 (Groundball, 6M)
Cristo García to third
Batting: SHB Roberto Rivera 0-0: Ball
1-0: Fielders Choice at 2nd, U6 (Groundball, 6M)
Bottom of the 7th over - 0 run(s), 1 hit(s), 0 error(s), 2 left on base; Manhatten 0 - Columbia 3
TOP OF THE 8TH
Manhatten Meatheads batting - Pitching for Columbia 08s : LHP Sam Kettley
Batting: RHB Ben Morton 0-0: Ball
1-0: Called Strike
1-1: Ball
2-1: SINGLE (Line Drive, 89M)
Batting: RHB Juan Reyes 0-0: Ball
1-0: Foul Ball, location: 2F
1-1: SINGLE (Flyball, 89S)
Ben Morton to second
Runner from 2nd tries for 3rd, SAFE, throw made to third
Batting: RHB Júlio Galló 0-0: Swinging Strike
0-1: SINGLE (Groundball, 56D)
Ben Morton scores
Juan Reyes to second
Pinch Runner at 2nd Mark McDonald:
Pinch Hitting: RHB John Little 0-0: Ball
1-0: Bunted foul
1-1: Ball
2-1: Sac Bunt - play at first, batter OUT! 1-4
Mark McDonald to third
Júlio Galló to second
Batting: RHB Mitch Thomas 0-0: Fly out, F4 (Popup, 34D)
Pitching: LHP Félix García
Batting: RHB Kyle O'Day 0-0: Ball
1-0: Fly out, F3 (Popup, 3DF)
Top of the 8th over - 1 run(s), 3 hit(s), 0 error(s), 2 left on base; Manhatten 1 - Columbia 3
BOTTOM OF THE 8TH
Columbia 08s batting - Pitching for Manhatten Meatheads : RHP Víctor Viña
Now at 1B: Mark McDonald
Now at 2B: Will Evans
Batting: RHB Felipe Rego 0-0: Ball
1-0: Foul Ball, location: 2F
1-1: Swinging Strike
1-2: Strikes out looking
Batting: RHB Luis Maldonado 0-0: Called Strike
0-1: Ball
1-1: Foul Ball, location: 2F
1-2: Strikes out looking
Batting: LHB José Costa 0-0: Ball
1-0: Ball
2-0: Ball
3-0: Called Strike
3-1: Base on Balls
Batting: RHB Ryosei Yamamoto 0-0: Ball
1-0: Swinging Strike
1-1: Ball
2-1: Ball
3-1: Foul Ball, location: 2F
3-2: Foul Ball, location: 2F
3-2: SINGLE (Groundball, 13) (infield hit)
José Costa to second
Batting: RHB Cristo García 0-0: Swinging Strike
0-1: Ball
1-1: Foul Ball, location: 2F
1-2: Strikes out swinging
Bottom of the 8th over - 0 run(s), 1 hit(s), 0 error(s), 2 left on base; Manhatten 1 - Columbia 3
TOP OF THE 9TH
Manhatten Meatheads batting - Pitching for Columbia 08s : LHP Félix García
Pitching: RHP Jorge Amador
Batting: LHB Dave Watt 0-0: Ball
1-0: Ground out 5-3 (Groundball, 5L)
Batting: RHB William Moore 0-0: Called Strike
0-1: Swinging Strike
0-2: Strikes out swinging
Batting: SHB Vitaliano Capuana 0-0: Ball
1-0: Ball
2-0: Called Strike
2-1: Called Strike
2-2: Ground out 4-3 (Groundball, 4)
Top of the 9th over - 0 run(s), 0 hit(s), 0 error(s), 0 left on base; Manhatten 1 - Columbia 3
This league is powered by Out of the Park Baseball, the baseball management simulation game for PC, Mac and Linux
Wednesday, December 2nd, 2015 - OOTP Baseball 16.8 Build 38